 Dungeon Crawl Stone Soup version 0.20.1-1-g8b1a95d (console) character file.

4428 hilaritas the Carver (level 10, -1/58 HPs)
             Began as a Vine Stalker Berserker on Feb 16, 2018.
             Was an Elder of Trog.
             Killed from afar by an electric eel (6 damage)
             ... with a bolt of electricity
             ... on level 8 of the Dungeon.
             The game lasted 00:16:40 (6497 turns).

hilaritas the Carver (Vine Stalker Berserker)       Turns: 6497, Time: 00:16:41

Health: -1/58      AC: 13    Str: 22    XL:     10   Next: 36%
Magic:  0/20       EV:  8    Int:  7    God:    Trog [****..]
Gold:   570        SH:  0    Dex: 15    Spells: 9/9 levels left

rFire    . . .     SeeInvis .   B - +4 great sword (freeze) (curse)
rCold    . . .     Gourm    .   (shield currently unavailable)
rNeg     . . .     Faith    .   k - +0 chain mail
rPois    .         Spirit   +   h - +0 helmet
rElec    .         Reflect  .   m - +1 cloak {MR+}
rCorr    .         Harm     .   q - +0 pair of gloves
MR       ++...                  (no boots)
Stlth    ..........             n - amulet of rage
Regen    0.6/turn               j - ring of magical power
MPRegen  0.2/turn               (no ring)

@: no status effects
A: fangs 3, regeneration 1, magic shield, antimagic bite, no potion heal 3, rot
immunity
a: Berserk, Trog's Hand, Brothers in Arms, Burn Spellbooks, Renounce Religion,
Evoke Berserk Rage


You were on level 8 of the Dungeon.
You worshipped Trog.
Trog was greatly pleased with you.
You were not hungry.

You visited 1 branch of the dungeon, and saw 8 of its levels.

You collected 570 gold pieces.

Inventory:

Hand Weapons
 s - a +1 dagger of venom
 A - a +4 great sword
 B - a cursed +4 great sword of freezing (weapon)
Missiles
 y - 8 javelins (quivered)
 F - 4 javelins of penetration
Armour
 h - a +0 helmet (worn)
 k - a +0 chain mail (worn)
 m - a +1 cloak of magic resistance (worn)
 q - a +0 pair of gloves (worn)
 D - a +0 shield
Jewellery
 j - a ring of magical power (left hand)
 n - an amulet of rage (around neck)
Wands
 r - a wand of confusion (21/48)
 C - a wand of polymorph (7/24)
Scrolls
 a - 2 scrolls of blinking
 i - 3 scrolls of remove curse
 l - 3 scrolls of fog
 p - 2 scrolls of teleportation
 t - a scroll of fear
 v - 2 scrolls of recharging
Potions
 b - a potion of resistance
 g - 2 potions of mutation
 o - a potion of magic
 u - 2 potions of curing
 z - a potion of brilliance
 E - 2 potions of lignification
 I - a potion of might {unknown}
Books
 d - a book of Misfortune

   Spells                             Type                      Level
   a - Confusing Touch                Hexes                        1
   b - Confuse                        Hexes                        3
   c - Gell's Gravitas                Translocation                3
   d - Petrify                        Transmutation/Earth          4
   e - Metabolic Englaciation         Hexes/Ice                    5
   f - Yara's Violent Unravelling     Hexes/Transmutation          5
   Trog disapproves of the use of such an item.
 e - a book of Air

   Spells                             Type                      Level
   a - Shock                          Conjuration/Air              1
   b - Swiftness                      Charms/Air                   2
   c - Static Discharge               Conjuration/Air              3
   d - Airstrike                      Air                          4
   e - Lightning Bolt                 Conjuration/Air              5
   Trog disapproves of the use of such an item.
 w - the Handbook of Venom and Curses
   (You found it on level 5 of the Dungeon)

   Spells                             Type                      Level
   a - Ensorcelled Hibernation        Hexes/Ice                    2
   b - Mephitic Cloud                 Conjuration/Poison/Air       3
   c - Tukima's Dance                 Hexes                        3
   d - Olgreb's Toxic Radiance        Poison                       4
   e - Invisibility                   Hexes                        6
   Trog disapproves of the use of such an item.
Comestibles
 c - 5 bread rations
 f - 2 meat rations
 x - a royal jelly
 G - a chunk of flesh


   Skills:
 * Level 9.4 Fighting
 - Level 10.0 Long Blades
 + Level 3.4 Armour
 - Level 1.5 Dodging


You had 9 spell levels left.
You didn't know any spells.

Dungeon Overview and Level Annotations

Branches:
Dungeon (8/15)             Temple (0/1) D:5
   Lair: D:8-11

Altars:
Cheibriados
Nemelex Xobeh
Okawaru
Ru
Trog

Shops:
D:5 %   D:8 %


Innate Abilities, Weirdness & Mutations

You have razor-sharp teeth.
Your natural rate of healing is unusually fast.
When hurt, damage is shared between your health and your magic reserves.
Your bite disrupts and absorbs the magic of your enemies.
Potions cannot restore your health.
You are immune to rotting.


Message History

The bolt of electricity hits you!
The electric eel shoots out a bolt of lightning at you!
The bolt of electricity hits you!
The electric eel shoots out a bolt of lightning at you!
The bolt of electricity hits you!
The electric eel shoots out a bolt of lightning at you!
The bolt of electricity hits you!
Unknown command.
The electric eel shoots out a bolt of lightning at you!
The bolt of electricity hits you!
The electric eel shoots out a bolt of lightning at you!
The bolt of electricity hits you!
* * * LOW HITPOINT WARNING * * *
Unknown command.
The electric eel shoots out a bolt of lightning at you!
The bolt of electricity hits you!
* * * LOW HITPOINT WARNING * * *
The electric eel shoots out a bolt of lightning at you!
The bolt of electricity hits you!
You die...

........#.##.## #...##....#
....###.#.#...######...##....####
.............................##..
....###.###...######...##....##.#
##### #.# ##.#######...##....##.#
#.####.# #.))....##....##..
#......# #.#########..#####
######## #.## ##.##... #..#
#.##.## ####''#### #.##.#
##≈≈≈@.≈≈≈## #.##.#
##≈≈≈≈..≈≈≈≈## #.##.#
#≈≈≈≈≈..≈≈≈≈≈# #.##.##
#≈≈≈≈≈≈..≈≈≈≈≈≈ #.##...
≈≈≈≈≈≈;..≈≈;≈≈≈ #.##...
≈≈;≈≈≈≈..≈≈≈≈≈≈ #.##...
≈≈≈≈≈≈≈..≈≈≈≈≈≈ #.##...
≈≈≈≈≈≈♣..♣;≈≈≈≈ #.##...
≈≈≈≈≈≈.##.≈≈≈≈≈ #...... ≈≈≈≈≈≈.
.≈≈≈≈≈ #...... #......


You could see 4 electric eels.

Vanquished Creatures
  A two-headed ogre (D:8)
  A manticore (D:8)
  Maurice (D:8)
  Grinder (D:6)
  A hippogriff (D:8)
  Eustachio (D:4)
  Menkaure (D:5)
  Duvessa (D:7)
  A black bear (D:6)
  A phantom (D:8)
  3 ice beasts (D:8)
  An ogre (D:8)
  2 centaurs
  5 bullfrogs
  Blork the orc (D:5)
  Dowan (D:7)
  5 scorpions
  2 howler monkeys (D:8)
  4 wights (D:6)
  3 crimson imps
  A bullfrog zombie (D:6)
  An orc priest (D:4)
  3 jellies
  3 orc wizards (D:6)
  Crazy Yiuf (D:2)
  Jessica (D:2)
  6 worker ants
  A hound zombie (D:5)
  A hound skeleton (D:6)
  Robin (D:2)
  A mummy (D:4)
  3 gnolls (D:5)
  5 adders
  A shadow imp (D:7)
  3 worms
  2 dart slugs
  5 leopard geckos
  15 orcs
  7 bats
  5 giant cockroaches
  10 goblins
  14 hobgoblins
  8 jackals
  10 kobolds
  2 ball pythons (D:1)
  5 frilled lizards
  A goblin zombie (D:4)
  A jackal skeleton (D:5)
  A kobold zombie (D:4)
  3 rats
158 creatures vanquished.

Notes
Turn   | Place    | Note
-------+----------+-------------------------------------------
     0 | D:1      | hilaritas the Vine Stalker Berserker began the quest for the Orb.
     0 | D:1      | Reached XP level 1. HP: 11/11 MP: 2/2
   403 | D:1      | Reached skill level 3 in Long Blades
   403 | D:1      | Reached XP level 2. HP: 16/16 MP: 3/3
  1192 | D:2      | Reached XP level 3. HP: 20/20 MP: 4/4
  1280 | D:2      | Found a runed door.
  1315 | D:2      | Reached ** piety under Trog
  1318 | D:2      | Found a sparkling altar of Nemelex Xobeh.
  1351 | D:2      | Noticed Robin
  1376 | D:2      | Killed Robin
  1376 | D:2      | Reached skill level 4 in Long Blades
  1376 | D:2      | Gained mutation: Your natural rate of healing is unusually fast. [Vine Stalker growth]
  1376 | D:2      | Reached XP level 4. HP: 16/24 MP: 5/5
  1560 | D:2      | Found an iron altar of Okawaru.
  1926 | D:2      | Found a sacrificial altar of Ru.
  2032 | D:2      | Noticed Jessica
  2039 | D:2      | Killed Jessica
  2197 | D:2      | Noticed Crazy Yiuf
  2211 | D:2      | HP: 1/24 [Crazy Yiuf/quarterstaff of chaos (5)]
  2216 | D:2      | Killed Crazy Yiuf
  2216 | D:2      | Reached XP level 5. HP: 5/28 MP: 1/6
  2507 | D:3      | Reached skill level 5 in Long Blades
  2575 | D:3      | Reached *** piety under Trog
  2743 | D:3      | Found a snail-covered altar of Cheibriados.
  2905 | D:3      | Found a bloodstained altar of Trog.
  3287 | D:4      | Reached XP level 6. HP: 30/32 MP: 7/7
  3324 | D:4      | Found a sand-covered staircase.
  3616 | D:4      | Reached skill level 6 in Long Blades
  3657 | D:4      | Noticed Eustachio
  3681 | D:4      | Killed Eustachio
  3681 | D:4      | Reached XP level 7. HP: 8/37 MP: 8/8
  3798 | D:5      | Entered Level 5 of the Dungeon
  3798 | D:5      | Noticed Menkaure
  3804 | D:5      | Killed Menkaure
  3804 | D:5      | Reached skill level 7 in Long Blades
  3871 | D:5      | Identified the Handbook of Venom and Curses
  3918 | D:5      | Found a staircase to the Ecumenical Temple.
  3928 | D:5      | Noticed Blork the orc
  3937 | D:5      | Killed Blork the orc
  4111 | D:5      | Found Ihalo's Food Boutique.
  4120 | D:5      | Gained mutation: You have razor-sharp teeth. [Vine Stalker growth]
  4120 | D:5      | Reached XP level 8. HP: 39/42 MP: 9/9
  4170 | D:6      | Noticed Grinder
  4173 | D:6      | Reached skill level 8 in Long Blades
  4174 | D:6      | Paralysed by Grinder for 4 turns
  4190 | D:6      | Killed Grinder
  4329 | D:6      | Reached skill level 9 in Long Blades
  4345 | D:6      | Reached **** piety under Trog
  4500 | D:6      | Reached XP level 9. HP: 41/46 MP: 10/10
  4589 | D:6      | Reached skill level 5 in Fighting
  4589 | D:6      | Reached skill level 10 in Long Blades
  4961 | D:7      | Found a sacrificial altar of Ru.
  5073 | D:7      | Noticed Dowan
  5075 | D:7      | Noticed Duvessa
  5078 | D:7      | Killed Dowan
  5083 | D:7      | HP: 4/47 [Duvessa/enchanted rapier (3)]
  5086 | D:7      | Killed Duvessa
  5838 | D:8      | Noticed Maurice
  5846 | D:8      | Killed Maurice
  5890 | D:8      | Found Vooh Napu's Food Emporium.
  5898 | D:8      | Received a gift from Trog
  6111 | D:8      | Noticed a two-headed ogre
  6126 | D:8      | Killed a two-headed ogre
  6126 | D:8      | Reached XP level 10. HP: 57/57 MP: 11/11
  6411 | D:8      | Noticed a manticore
  6416 | D:8      | Killed a manticore
  6497 | D:8      | HP: 5/58 [electric eel/bolt of electricity (5)]
  6497 | D:8      | Killed from afar by an electric eel

Skill      XL: |  1  2  3  4  5  6  7  8  9 10 |
---------------+-------------------------------+-----
Long Blades    | 3 4 5 6 7 9 10 | 10.0
Fighting       | 3 4 8 9 |  9.4
Armour         | 3 |  3.4
Dodging        | |  1.5

Action                   |  1- 3 |  4- 6 |  7- 9 | 10-12 || total
-------------------------+-------+-------+-------+-------++-------
Melee: Falchion          |    89 |   200 |   120 |       ||   409
       Bite              |    25 |    70 |    79 |     5 ||   179
       Great sword       |       |       |    64 |    22 ||    86
Throw: Javelin           |       |       |     2 |     2 ||     4
Invok: Trog's Hand       |       |     2 |     2 |       ||     4
       Berserk           |       |     2 |     2 |       ||     4
  Use: Scroll            |     8 |     4 |     9 |     2 ||    23
  Eat: Chunk             |     1 |     9 |     7 |     3 ||    20
       Fruit             |       |       |     2 |       ||     2
       Royal jelly       |       |       |     1 |       ||     1
Armor: Scale mail        |    17 |       |       |       ||    17
       Animal skin       |     2 |       |       |       ||     2
       Chain mail        |    35 |   146 |   114 |    10 ||   305
Dodge: Dodged            |    45 |   117 |    79 |    12 ||   253
       Rpst.: Falchion   |    18 |    31 |    19 |       ||    68
       Great sword       |       |       |     5 |     1 ||     6
